 Dungeon Crawl Stone Soup version 0.29.1-2-gbd0b4ee654 (webtiles) character file.

Game seed: 10944299647446753074

648 jamesblauser the Chopper (level 7, -11/61 HPs)
             Began as a Minotaur Fighter on Nov 6, 2022.
             Was an Initiate of Trog.
             Mangled by a fire elemental (12 damage)
             ... created by the fiery vengeance of Ignis
             ... on level 5 of the Dungeon.
             The game lasted 00:27:43 (4551 turns).

jamesblauser the Chopper (Minotaur Fighter)         Turns: 4551, Time: 00:27:43

Health: -11/61     AC:  7    Str: 20    XL:     7   Next: 27%
Magic:  6/6        EV: 11    Int:  4    God:    Trog [......]
Gold:   164        SH:  5    Dex: 15    Spells: 5/6 levels left

rFire   . . .      SeeInvis .   a - +0 war axe (drain)
rCold   . . .      Faith    .   c - +0 buckler
rNeg    . . .      Spirit   .   o - +1 ring mail {Will+}
rPois   .          Reflect  .   (helmet unavailable)
rElec   +          Harm     .   (no cloak)
rCorr   .          Rampage  .   (no gloves)
Will    +....                   (no boots)
Stlth   +.........              (no amulet)
HPRegen 0.20/turn               (no ring)
MPRegen 0.10/turn               (no ring)

@: fire susceptible, unable to drink
A: horns 3, retaliatory headbutt, agile 1, electricity resistance, inability to
drink after injury 1
a: Renounce Religion


You were on level 5 of the Dungeon.
You worshipped Trog.
Trog was noncommittal.
You visited 1 branch of the dungeon, and saw 5 of its levels.

You collected 164 gold pieces.

Inventory:

Hand Weapons
 a - a +0 war axe of draining (weapon)
Missiles
 e - 4 silver javelins (quivered)
Armour
 b - a +0 scale mail
 c - a +0 buckler (worn)
 f - a +0 helmet
 o - a +1 ring mail of willpower (worn)
Scrolls
 g - 3 scrolls of blinking
 h - a scroll of brand weapon
 j - a scroll of vulnerability
 k - 5 scrolls of teleportation
 n - a scroll of torment
Potions
 d - a potion of might
 i - 2 potions of flight
 m - 2 potions of brilliance


   Skills:
 + Level 5.1 Fighting
 + Level 6.4 Axes
 + Level 0.7 Throwing
 + Level 5.7 Armour
 + Level 1.9 Dodging
 + Level 1.1 Stealth
 + Level 4.7 Shields
 - Level 0.1 Spellcasting
 - Level 0.1 Summonings


You had 5 spell levels left.
You knew the following spells:

 Your Spells              Type           Power      Damage    Failure   Level
a - Summon Small Mammal   Summ           0%         N/A       75%         1

Your spell library contained the following spells:

 Spells                   Type           Power      Damage    Failure   Level
 Slow                     Hex            0%         N/A       75%         1
 Blink                    Tloc           0%         N/A       87%         2
 Call Canine Familiar     Summ           0%         N/A       98%         3
 Confusing Touch          Hex            0%         N/A       98%         3
 Summon Guardian Golem    Hex/Summ       0%         N/A       98%         3
 Vampiric Draining        Necr           0%         2d6       98%         3
 Manifold Assault         Tloc           0%         N/A       100%        5
 Storm Form               Tmut/Air       0%         N/A       100%        7


Dungeon Overview and Level Annotations

Branches:
Dungeon (5/15)
 Temple: D:4-7

Altars:
Trog
The Shining One
Ignis


Innate Abilities, Weirdness & Mutations

You have a pair of large horns on your head.
You reflexively headbutt those who attack you in melee.
You are agile. (Dex +4, Str/Int -1)
You are resistant to electric shocks. (rElec)
You occasionally lose the ability to drink potions when taking damage.


Message History

"Betrayer!
Apostate!
Perish!" 3 fire elementals come into view.
Found a robe.
You closely miss the fire elemental. The fire elemental closely misses you.
You furiously retaliate!
You headbutt the fire elemental. You closely miss the fire elemental.
Your headbutt misses the fire elemental.
You closely miss the fire elemental.
The fire elemental completely misses you.
The fire elemental hits you. The fire elemental burns you!
You block the fire elemental's attack. The fire elemental barely misses you.
You furiously retaliate!
You headbutt the fire elemental! The fire elemental hits you.
The fire elemental burns you!
Okay, then.
You closely miss the fire elemental.
You hit the fire elemental but do no damage.
You hit the fire elemental. The fire elemental barely misses you.
You furiously retaliate!
You headbutt the fire elemental, but do no damage.
The fire elemental hits you. The fire elemental burns you!
The fire elemental hits you. The fire elemental burns you!
You hit the fire elemental.
Your headbutt misses the fire elemental.
The fire elemental is lightly damaged.
You barely miss the fire elemental. You hit the fire elemental.
You block the fire elemental's attack. x2; The fire elemental hits you.
The fire elemental burns you!
You feel threatened and lose the ability to drink potions!
* * * LOW HITPOINT WARNING * * *
The fire elemental closely misses you. The fire elemental barely misses you.
You block the fire elemental's attack.
You slash the fire elemental!
The fire elemental is heavily damaged.
You barely miss the fire elemental. You slash the fire elemental!
The fire elemental hits you. The fire elemental burns you!
* * * LOW HITPOINT WARNING * * *
The fire elemental misses you. You furiously retaliate!
You headbutt the fire elemental. The fire elemental barely misses you.
The fire elemental hits you. The fire elemental burns you!
You die...

#...#..... ......
#...#..... ......#####
#...#.....
..........#####...#.....
..............#...#.....
..............#...#..)..
......°.......#...#.....
.......E......#...'.....
......E@E..>..#...#..[..
..............#####.....
[.....#.##..............
..?...#..+..............
..... #..#..............
..... #..#..............
.... #..##########.....
.... #... #..... ..
######


You could see 3 fire elementals.

Vanquished Creatures
  A phantom (D:3)
  A bullfrog (D:5)
  2 scorpions (D:4)
  2 hounds
  A gnoll bouda (D:4)
  2 jellies
  Terence (D:2)
  Robin (D:2)
  4 gnolls (D:5)
  5 adders
  An ufetubus (D:3)
  A worm (D:2)
  2 dart slugs (D:2)
  6 orcs
  7 endoplasms
  3 giant cockroaches
  15 goblins
  6 hobgoblins
  7 jackals
  2 kobolds
  5 quokkas
  9 ball pythons
  4 frilled lizards
  5 rats
93 creatures vanquished.

Vanquished Creatures (others)
  48 foxfires
48 creatures vanquished.

Grand Total: 141 creatures vanquished

Notes
Turn   | Place    | Note
-------+----------+-------------------------------------------
     0 | D:1      | jamesblauser the Minotaur Fighter began the quest for the
                  | Orb.
     0 | D:1      | Reached XP level 1. HP: 19/19 MP: 0/0
   164 | D:1      | Reached XP level 2. HP: 20/27 MP: 1/1
   842 | D:1      | Found a faded altar of an unknown god.
   848 | D:1      | Prayed at the altar of an unknown god.
   848 | D:1      | Became a worshipper of Ignis, the Dying Flame
  1016 | D:1      | Reached skill level 3 in Axes
  1130 | D:2      | Noticed Robin
  1133 | D:2      | Reached XP level 3. HP: 30/33 MP: 2/2
  1139 | D:2      | Killed Robin
  1297 | D:2      | Noticed Terence
  1301 | D:2      | Killed Terence
  1302 | D:2      | Reached XP level 4. HP: 34/40 MP: 3/3
  1349 | D:2      | Found a glowing golden altar of the Shining One.
  1355 | D:2      | Gained mutation: You have a pair of large horns on your
                  | head. [potion of mutation]
  1355 | D:2      | Gained mutation: You occasionally lose the ability to drink
                  | potions when taking damage. [potion of mutation]
  1355 | D:2      | Gained mutation: You are resistant to electric shocks.
                  | (rElec) [potion of mutation]
  1355 | D:2      | Gained mutation: You are agile. (Dex +4, Str/Int -1)
                  | [potion of mutation]
  1937 | D:2      | Learned a level 1 spell: Summon Small Mammal
  2610 | D:3      | Reached skill level 4 in Axes
  2924 | D:3      | Noticed a phantom
  2934 | D:3      | Killed a phantom
  2935 | D:3      | Reached XP level 5. HP: 31/47 MP: 4/4
  3650 | D:4      | Reached skill level 5 in Axes
  3650 | D:4      | Reached skill level 5 in Armour
  3650 | D:4      | Reached skill level 1 in Dodging
  3650 | D:4      | Reached skill level 1 in Stealth
  3650 | D:4      | Reached XP level 6. HP: 46/53 MP: 5/5
  3908 | D:4      | Identified the +3 spear of the Pill Bug {spect, Int+4}
  4076 | D:5      | Entered Level 5 of the Dungeon
  4197 | D:5      | Found a bloodstained altar of Trog.
  4206 | D:5      | Fell from the grace of Ignis
  4206 | D:5      | Became a worshipper of Trog the Wrathful
  4230 | D:5      | Reached skill level 5 in Fighting
  4230 | D:5      | Reached skill level 6 in Axes
  4230 | D:5      | Reached XP level 7. HP: 56/61 MP: 6/6
  4546 | D:5      | Noticed a fire elemental
  4546 | D:5      | Noticed a fire elemental
  4546 | D:5      | Noticed a fire elemental
  4551 | D:5      | HP: 1/61 [fire elemental[the fiery vengeance of Ignis]
                  | (10)]
  4551 | D:5      | Mangled by a fire elemental

Illustrated notes

Levels and vault maps discovered:
D:1:      amcnicky_arrival_underground_garden, layout_basic,
          dreamdust_ecumenical_altar_angels_and_demons, minmay_misc_feat_five,
          minmay_misc_feat_x, minmay_cupped
D:2:      kennysheep_six_static_rooms, layout_loops_corners, basic_altar,
          uniq_robin, uniq_terence
D:3:      layout_loops_cross
D:4:      minmay_octagon_keep, layout_rooms, serial_bayou_pond_a
D:5:      layout_gridville, mainiacjoe_overflow_six_doors_small

Skill      XL: |  1  2  3  4  5  6 |
---------------+-------------------+-----
Fighting       | 4 5 |  5.1
Shields        | 4 |  4.7
Axes           | 3 4 5 6 |  6.4
Armour         | 4 5 |  5.7
Dodging        | 1 |  1.9
Stealth        | 1 |  1.1
Throwing       | |  0.7
Spellcasting   | |  0.1
Summonings     | |  0.1

Action                   |  1- 3 |  4- 6 |  7- 9 || total
-------------------------+-------+-------+-------++-------
Melee: War axe           |    32 |   114 |    15 ||   161
       Headbutt          |     3 |    10 |     3 ||    16
Throw: Javelin           |     3 |     4 |       ||     7
Invok: Foxfire Swarm     |     5 |     1 |       ||     6
       Rising Flame      |     1 |       |       ||     1
       Fiery Armour      |     1 |       |       ||     1
  Use: Scroll            |     6 |     7 |     1 ||    14
       Potion            |     2 |     5 |       ||     7
Armor: Scale mail        |    19 |    24 |       ||    43
       Ring mail         |       |    18 |    10 ||    28
Dodge: Dodged            |    18 |    60 |    13 ||    91
Block: Buckler           |    13 |    37 |     8 ||    58
